cohdb
Replays
Latest Replays
All Replays
Popular Replays
Top Player Replays
Match Explorer
How It Works
Community
CoH3 Stats
Reddit
Sign in to upload your games and track your stats! →
Sign in with Steam
Match 41326978
Unlisted
Match 41326978
Overview
Messages
Build Orders
End
Kradschützen Motorcycle Team
Panzergrenadier Squad
Selects Panzerjäger Kommand Battlegroup
Selects Mine Fields
Panzergrenadier Squad
Construct Light Support Kompanie
Panzerjäger Squad
Selects Tank Busters
Fire Support Elements
Assault Grenadier Squad
Flakvierling Half-track
le.IG 18 Mechanized Group
Selects Crew Shock Tactics
Panzerjäger Squad
Construct Mechanized Kompanie
Marder III Tank Destroyer
Assault Mechanized Group
StuG III D Assault Gun
StuG III D Assault Gun
Selects Elefant Tank Destroyer
Funnejunk
Dr.Poison123
RaiseRent4SingleHotMoms
Redrix
Mondred
[GG]Onkel Stonkel
[GG]Quiq
KroyWen
0
0
Comments
sign in to comment!
No comments posted yet!